 Dungeon Crawl Stone Soup version 0.31.0 (webtiles) character file.

Game seed: 9040317180533426471

113 qw the Shooter (level 4, -6/28 HPs)
             Began as a Gargoyle Hunter on Jan 19, 2024.
             Mangled by a gnoll
             ... wielding a +0 halberd
              (7 damage)
             ... on level 3 of the Dungeon.
             The game lasted 00:00:11 (1796 turns).

qw the Shooter (Gargoyle Hunter)                    Turns: 1796, Time: 00:00:12

Health: -6/28      AC: 12    Str: 15    XL:     4   Next: 96%
Magic:  4/4        EV: 11    Int:  9    God:
Gold:   111        SH:  0    Dex: 15    Spells: 3/3 levels left

rFire   . . .        a - +0 shortbow
rCold   . . .        (shield currently unavailable)
rNeg    + . .        d - +3 ring mail
rPois   inf          (no helmet)
rElec   +            f - +0 cloak
rCorr   .            (no gloves)
SInv    .            (no boots)
Will    .....        (no amulet)
Stlth   +            (no ring)
HPRegen 0.24/turn    (no ring)
MPRegen 0.09/turn

%: no passive effects
@: about to teleport
A: sickness immunity, AC +3, negative energy resistance 1, electricity
resistance, torment resistance 1, petrification resistance
a: no special abilities


You were on level 3 of the Dungeon.
You visited 1 branch of the dungeon, and saw 3 of its levels.

You collected 111 gold pieces.


Innate Abilities, Weirdness & Mutations

You are immune to sickness and miasma.
Your stone body is resilient. (AC +3)
You are immune to poison.
You resist negative energy. (rN+)
You are resistant to electric shocks. (rElec)
You are resistant to unholy torment.
You are immune to petrification.


   Skills:
 - Level 3.0 Fighting
 + Level 5.6 Ranged Weapons
 - Level 1.1 Armour
 - Level 1.5 Dodging
 - Level 1.1 Stealth


You had 3 spell levels left.
You didn't know any spells.
Your spell library was empty.

Inventory:

Hand Weapons
 a - a +0 shortbow (weapon)
Armour
 d - a +3 ring mail (worn)
 f - a +0 cloak (worn)
Jewellery
 m - a ring of willpower
Wands
 i - a wand of charming (13)
Scrolls
 c - a scroll of enchant weapon {unknown}
Potions
 b - a potion of enlightenment {unknown}
 e - 2 potions of berserk rage {unknown}
 g - a potion of haste {unknown}
 h - a potion of magic {unknown}
 k - 2 potions of curing
 l - a potion of degeneration {unknown}
 n - a potion of might {unknown}

Dungeon Overview and Level Annotations

Branches:
Dungeon (3/15)

Altars:
Qazlal


Message History

Enter note: You shoot an arrow.
The arrow hits the gnoll!
The gnoll is severely wounded.
The gnoll hits you with a +0 flail.
You shoot an arrow. The arrow completely misses the gnoll.
A gnoll comes into view. It is wielding a +0 whip.
The gnoll hits you but does no damage.
1789 ||| RETREEEEATING.
Enter note:
Enter note:
Enter note:
1790 ||| RETREEEEATING.
The gnoll shouts!
The gnoll attacks as it pursues you! The gnoll closely misses you.
Enter note:
Enter note:
Enter note:
1791 ||| RETREEEEATING.
Enter note:
Enter note:
Enter note:
Enter note:
Enter note:
Enter note:
1792 ||| RETREEEEATING.
The gnoll attacks as it pursues you! The gnoll closely misses you.
You shoot an arrow. The arrow hits the gnoll!
You kill the gnoll!
You shoot an arrow. The arrow closely misses the gnoll.
The gnoll closely misses you.
The gnoll hits you from afar with a +0 halberd!
You shoot an arrow. The arrow closely misses the gnoll.
The gnoll hits you from afar with a +0 halberd.
The gnoll hits you with a +0 whip. The gnoll barely misses you.
1796 ||| READING scroll of teleportation.
As you read the scroll of teleportation, it crumbles to dust.
You feel strangely unstable. The gnoll hits you but does no damage.
The gnoll hits you with a +0 whip.
The gnoll hits you from afar with a +0 halberd!
You die...

....#.#.# .#..#...# #.
....#.#.########.#...<..#
## ....#.#..........#...
..# #....
....#.###....###.#... ..#
#.... ..###.#
####...#.#..##..# ..g..
### #......#...g..# #####
#.##...#...#....... #
#.##...#.g.#..#g### #
#.##..@#...#..# # #
#.##.#ggg..#..#
#.##.#.....#..#
..##.#.....#.).
####.#.#...#.## #.#.#...#
#.#.....# ###..## ...


You could see 3 gnolls.

Vanquished Creatures
  2 adders (D:3)
  4 gnolls (D:3)
  8 bats
  3 endoplasms
  6 giant cockroaches
  2 goblins (D:1)
  4 hobgoblins
  3 jackals (D:1)
  A quokka (D:2)
  6 ball pythons
  3 frilled lizards
  7 kobolds
  8 rats
57 creatures vanquished.

Notes
Turn   | Place    | Note
-------+----------+-------------------------------------------
     0 | D:1      | qw the Gargoyle Hunter began the quest for the Orb.
     0 | D:1      | Reached XP level 1. HP: 12/12 MP: 1/1
     0 | D:1      | 0 ||| qw: Version: 0.3-a-132-g3d54051
     0 | D:1      | 0 ||| qw: Game counter: 234
     0 | D:1      | 0 ||| qw: Melee chars always use a shield: true
     0 | D:1      | 0 ||| qw: God list: Okawaru
     0 | D:1      | 0 ||| qw: Allow faded altars: false
     0 | D:1      | 0 ||| qw: Do Orc after clearing Dungeon:15 true
     0 | D:1      | 0 ||| qw: Do second Lair branch before Depths: true
     0 | D:1      | 0 ||| qw: Lair rune preference: random
     0 | D:1      | 0 ||| qw: Goals: Normal
     0 | D:1      | 0 ||| PLANNING D:1-11
   205 | D:1      | Reached XP level 2. HP: 16/17 MP: 2/2
   399 | D:1      | Reached XP level 3. HP: 21/21 MP: 3/3
   411 | D:1      | Reached skill level 5 in Ranged Weapons
   544 | D:1      | 544 ||| UPGRADING to +3 ring mail.
   554 | D:1      | 554 ||| DROPPING +0 leather armour.
   555 | D:1      | 555 ||| UPGRADING to +0 cloak.
   560 | D:1      | 560 ||| READING scroll labelled RIPPIHOCIU.
   561 | D:1      | 561 ||| READING scroll labelled WAAROO SAYMEO.
   562 | D:1      | 562 ||| READING scroll labelled TEDGHO HOLEPER.
   567 | D:1      | 567 ||| DROPPING scroll of butterflies.
   766 | D:2      | Reached skill level 1 in Armour
   767 | D:2      | 767 ||| FLEEEEING.
  1152 | D:2      | 1152 ||| READING scroll labelled JAASENT KINIS.
  1153 | D:2      | 1153 ||| DRINKING 3 yellow potions.
  1211 | D:3      | Found a stormy altar of Qazlal.
  1231 | D:3      | Reached XP level 4. HP: 26/27 MP: 4/4
  1369 | D:3      | Reached skill level 3 in Fighting
  1618 | D:3      | 1618 ||| RETREEEEATING.
  1620 | D:3      | 1620 ||| RETREEEEATING.
  1627 | D:3      | HP: 7/28 [gnoll/+0 club (3)]
  1628 | D:3      | 1628 ||| READING 2 scrolls of teleportation.
  1629 | D:3      | HP: 3/28 [gnoll/+0 club (3)]
  1782 | D:3      | 1782 ||| RETREEEEATING.
  1785 | D:3      | 1785 ||| RETREEEEATING.
  1789 | D:3      | 1789 ||| RETREEEEATING.
  1790 | D:3      | 1790 ||| RETREEEEATING.
  1791 | D:3      | 1791 ||| RETREEEEATING.
  1792 | D:3      | 1792 ||| RETREEEEATING.
  1795 | D:3      | HP: 6/28 [gnoll/+0 whip (4)]
  1796 | D:3      | 1796 ||| READING scroll of teleportation.
  1796 | D:3      | HP: 1/28 [gnoll/+0 whip (5)]
  1796 | D:3      | Mangled by a gnoll

Levels and vault maps discovered:
D:1:      amcnicky_arrival_gap_in_the_tavern_cellar, layout_rooms
D:2:      layout_basic
D:3:      layout_basic, old_standard_altar, uniq_natasha

Skill      XL: |  1  2  3  4 |
---------------+-------------+-----
Ranged Weapons | 5 |  5.6
Armour         | 1 |  1.1
Fighting       | 3 |  3.0
Dodging        | |  1.5
Stealth        | |  1.1

Action                     |  1- 3 |  4- 6 || total
---------------------------+-------+-------++-------
   Fire: Shortbow          |   142 |    35 ||   177
    Use: Scroll            |     4 |     2 ||     6
         Potion            |     1 |       ||     1
 Armour: Leather armour    |    21 |       ||    21
         Ring mail         |    28 |    29 ||    57
  Dodge: Dodged            |    51 |    15 ||    66

Table legend:
 A = Non-vault XP
 B = Vault XP
 C = Vault XP percentage of total XP
 D = Non-vault monster count
 E = Vault monster count
 F = Vault count percentage of total count
                 A         B        C        D         E       F
            +---------+---------+-------+---------+---------+-------
      Total |     162 |       0 |   0.0 |      57 |       0 |   0.0
            +---------+---------+-------+---------+---------+-------
        D:1 |      40 |       0 |   0.0 |      27 |       0 |   0.0
        D:2 |      28 |       0 |   0.0 |      17 |       0 |   0.0
        D:3 |      94 |       0 |   0.0 |      13 |       0 |   0.0
            +---------+---------+-------+---------+---------+-------
